 Dungeon Crawl Stone Soup version 0.31-a0-221-gbddc013574 (webtiles) character file.

Game seed: 2002387728284463283

79 qw the Shooter (level 4, -10/36 HPs)
             Began as a Minotaur Hexslinger on July 4, 2023.
             Mangled by an ice beast (13 damage)
             ... on level 3 of the Dungeon.
             The game lasted 00:00:37 (1284 turns).

qw the Shooter (Minotaur Hexslinger)                Turns: 1284, Time: 00:00:38

Health: -10/36     AC:  5    Str: 13    XL:     4   Next: 16%
Magic:  4/4        EV: 11    Int: 10    God:
Gold:   35         SH:  0    Dex: 14    Spells: 4/5 levels left

rFire   . . .        Y - +1 sling
rCold   . . .        (no shield)
rNeg    . . .        b - +0 ring mail
rPois   +            (helmet restricted)
rElec   .            (no cloak)
rCorr   .            (no gloves)
SInv    .            (no boots)
Will    .....        (no amulet)
Stlth   +            g - +4 ring of slaying {mikee}
HPRegen 0.26/turn    i - ring of poison resistance
MPRegen 0.09/turn

%: no passive effects
@: no status effects
A: horns 2, retaliatory headbutt
a: no special abilities


You were on level 3 of the Dungeon.
You visited 1 branch of the dungeon, and saw 3 of its levels.

You collected 35 gold pieces.


Innate Abilities, Weirdness & Mutations

You have a pair of horns on your head.
You reflexively headbutt those who attack you in melee.


   Skills:
 - Level 2.0 Fighting
 - Level 4.5 Ranged Weapons
 + Level 0.9 Armour
 - Level 2.1 Dodging
 - Level 1.0 Spellcasting
 - Level 2.0 Hexes


You had 4 spell levels left.
You knew the following spells:

 Your Spells              Type           Power      Damage    Failure   Level
a - Slow                  Hex            16%        N/A       32%         1

Your spell library contained the following spells:

 Spells                   Type           Power      Damage    Failure   Level
 Inner Flame              Hex/Fire       2%         N/A       82%         3
 Portal Projectile        Hex/Tloc       4%         N/A       82%         3
 Cause Fear               Hex            2%         N/A       97%         4

Inventory:

Hand Weapons
 Y - a +1 sling (weapon)
Armour
 b - a +0 ring mail (worn)
Jewellery
 g - a +4 ring of slaying (left hand) {mikee}
 i - a ring of poison resistance (right hand)
Scrolls
 a - a scroll of identify
Potions
 e - a potion of curing
 f - a potion of haste
 h - a potion of cancellation {unknown}

Dungeon Overview and Level Annotations

Branches:
Dungeon (3/15)

Altars:


Message History

f - a potion of haste;
1220 ||| IDENTIFYING orange potion Done exploring.
(D) Dungeon
Where to? (* - list waypoints, Enter - D:2, ? - help)
What level of the Dungeon? (default 1, ? - help)
You see here a +0 club.
There is a stone staircase leading down here.
You climb downwards.
The adder hisses angrily.
There is a stone staircase leading up here.
An adder is nearby!
Waypoint 2 assigned to D:3.
You shoot a sling bullet. The sling bullet hits the adder!
The adder is almost dead.
You shoot a sling bullet.
The sling bullet closely misses the adder.
You shoot a sling bullet. The sling bullet hits the adder.
You kill the adder!
Found an escape hatch in the ceiling.
An ice beast comes into view.
Found a stone staircase leading down.
You shoot a sling bullet.
The sling bullet barely misses the ice beast.
You shoot a sling bullet.
The sling bullet hits the ice beast but does no damage.
You shoot a sling bullet. The sling bullet hits the ice beast.
The ice beast is lightly wounded.
You shoot a sling bullet.
The sling bullet barely misses the ice beast.
The ice beast hits you. The ice beast freezes you!
You shoot a sling bullet. The sling bullet hits the ice beast.
The ice beast is moderately wounded.
The ice beast hits you. The ice beast freezes you!
You shoot a sling bullet. The sling bullet hits the ice beast!
The ice beast is heavily wounded.
The ice beast hits you. The ice beast freezes you!
You shoot a sling bullet. The sling bullet hits the ice beast.
The ice beast is severely wounded.
The ice beast hits you. The ice beast freezes you!
You die...

.> .. #.
#. #. #.
#Y###
#.@.#
###.#
#.# #.#
#.# #.#
####.#
#....#
#.######


You could see an ice beast.

Vanquished Creatures
  3 adders
  A dart slug (D:2)
  4 bats
  6 endoplasms
  3 giant cockroaches (D:1)
  A goblin (D:2)
  4 hobgoblins
  10 jackals
  4 kobolds
  3 ball pythons
  A frilled lizard (D:2)
  5 rats
45 creatures vanquished.

Notes
Turn   | Place    | Note
-------+----------+-------------------------------------------
     0 | D:1      | qw the Minotaur Hexslinger began the quest for the Orb.
     0 | D:1      | Reached XP level 1. HP: 16/16 MP: 1/1
     0 | D:1      | 0 ||| qw: Version: 0.3-a-41-g9d075ac
     0 | D:1      | 0 ||| qw: Game counter: 830
     0 | D:1      | 0 ||| qw: Melee chars always use a shield: true
     0 | D:1      | 0 ||| qw: God list: Okawaru
     0 | D:1      | 0 ||| qw: Allow faded altars: false
     0 | D:1      | 0 ||| qw: Do Orc after clearing Dungeon:15 true
     0 | D:1      | 0 ||| qw: Do second Lair branch before Depths: true
     0 | D:1      | 0 ||| qw: Lair rune preference: random
     0 | D:1      | 0 ||| qw: Goals: Normal
     0 | D:1      | 0 ||| PLANNING D:1-11
   247 | D:1      | Reached skill level 3 in Ranged Weapons
   247 | D:1      | Reached XP level 2. HP: 16/23 MP: 2/2
   325 | D:1      | 325 ||| FLEEEEING.
   326 | D:1      | 326 ||| FLEEEEING.
   354 | D:1      | 354 ||| FLEEEEING.
   355 | D:1      | 355 ||| FLEEEEING.
   763 | D:1      | 763 ||| UPGRADING to +0 leather armour.
   773 | D:1      | 773 ||| DROPPING +0 robe.
   774 | D:1      | 774 ||| UPGRADING to +4 ring of slaying {mikee}.
   775 | D:1      | 775 ||| READING 2 scrolls labelled VAISUF RAAF.
   776 | D:1      | 776 ||| DRINKING 2 clear potions.
   777 | D:1      | 777 ||| DROPPING scroll of poison.
   802 | D:2      | Reached XP level 3. HP: 28/29 MP: 3/3
   890 | D:2      | Reached skill level 4 in Ranged Weapons
  1105 | D:2      | Reached XP level 4. HP: 32/36 MP: 4/4
  1207 | D:2      | 1207 ||| UPGRADING to +0 ring mail.
  1217 | D:2      | 1217 ||| DROPPING +0 leather armour.
  1218 | D:2      | 1218 ||| UPGRADING to ring of poison resistance.
  1219 | D:2      | 1219 ||| READING scroll labelled GEHEFOASAW.
  1220 | D:2      | 1220 ||| READING 2 scrolls of identify.
  1220 | D:2      | 1220 ||| IDENTIFYING orange potion
  1277 | D:3      | Noticed an ice beast
  1283 | D:3      | HP: 4/36 [ice beast (7)]
  1284 | D:3      | Mangled by an ice beast

Levels and vault maps discovered:
D:1:      mrwooster_arrival_statue, layout_basic
D:2:      layout_rooms, st_stairs_6
D:3:      layout_basic, hellmonk_ecumenical_altar_run_dry,
          gammafunk_ghost_stat_death

Skill      XL: |  1  2  3 |
---------------+----------+-----
Ranged Weapons | 3 4 |  4.5
Fighting       | 2 |  2.0
Armour         | |  0.9
Dodging        | |  2.1
Spellcasting   | |  1.0
Hexes          | |  2.0

Action                     |  1- 3 |  4- 6 || total
---------------------------+-------+-------++-------
   Fire: Sling             |   130 |    10 ||   140
    Use: Scroll            |     1 |     2 ||     3
         Potion            |     1 |       ||     1
 Armour: Robe              |    14 |       ||    14
         Leather armour    |     9 |       ||     9
  Dodge: Dodged            |    58 |       ||    58

Table legend:
 A = Non-vault XP
 B = Vault XP
 C = Vault XP percentage of total XP
 D = Non-vault monster count
 E = Vault monster count
 F = Vault count percentage of total count
                 A         B        C        D         E       F
            +---------+---------+-------+---------+---------+-------
      Total |     112 |       1 |   0.9 |      44 |       1 |   2.2
            +---------+---------+-------+---------+---------+-------
        D:1 |      37 |       0 |   0.0 |      21 |       0 |   0.0
        D:2 |      62 |       1 |   1.6 |      22 |       1 |   4.3
        D:3 |      13 |       0 |   0.0 |       1 |       0 |   0.0
            +---------+---------+-------+---------+---------+-------
